 Dungeon Crawl Stone Soup version 0.23-a0-451-g1044d4cbad (webtiles) character file.

1201 LostNumber the Ruffian (level 8, 0/67 (68) HPs)
             Began as a Ghoul Warper on Nov 20, 2018.
             Slain by an orc
             ... wielding a +0 dagger
              (1 damage)
             ... on level 6 of the Dungeon on Nov 21, 2018.
             The game lasted 00:17:20 (5034 turns).

LostNumber the Ruffian (Ghoul Warper)               Turns: 5034, Time: 00:17:21

HP:   0/67 (68)     AC:  5    Str: 16    XL:     8   Next: 44%
MP:   9/9           EV: 12    Int:  8    God:
Gold: 351           SH:  0    Dex:  9    Spells: 8/10 levels left

rFire    . . .     SeeInvis +     - Unarmed
rCold    + . .     Gourm    .   (no shield)
rNeg     + + +     Faith    .   e - +0 ring mail
rPois    ∞         Spirit   .   (no helmet)
rElec    .         Reflect  .   (no cloak)
rCorr    .         Harm     .   (no gloves)
MR       .....                  (no boots)
Stlth    ..........             (no amulet)
HPRegen  0.00/turn              C - ring of see invisible
MPRegen  0.11/turn              s - ring of wizardry

@: rotting
A: rotting body, claws 1, carnivore, cold resistance 1, negative energy
resistance 3, inhibited regeneration, torment resistance, unbreathing
a: no special abilities


You were on level 6 of the Dungeon.
You were not hungry.

You visited 2 branches of the dungeon, and saw 7 of its levels.

You collected 351 gold pieces.

Inventory:

Missiles
 d - 5 tomahawks of dispersal (quivered)
 q - 3 tomahawks
Armour
 a - a +0 leather armour
 e - a +0 ring mail (worn)
 l - a +0 scale mail
 x - a +0 chain mail
Jewellery
 j - an uncursed ring of resist corrosion
 s - a ring of wizardry (right claw)
 C - a ring of see invisible (left claw)
Scrolls
 b - a scroll of remove curse
 c - 2 scrolls of blinking
 h - a scroll of random uselessness {unknown}
 i - a scroll of amnesia
 m - a scroll of enchant weapon {unknown}
 n - 2 scrolls of magic mapping {unknown}
 o - 5 scrolls of teleportation
 r - a scroll of fear {unknown}
 y - a scroll of immolation {unknown}
Potions
 g - a potion of might
 p - a potion of degeneration {unknown}
 u - a potion of lignification {unknown}
 v - 3 potions of brilliance
 w - a potion of flight {unknown}
 A - a potion of heal wounds {unknown}
 B - 3 potions of curing
 D - a potion of resistance {unknown}
Comestibles
 f - 9 rations


   Skills:
 + Level 5.3 Fighting
 - Level 0.8 Throwing
 + Level 3.4 Armour
 + Level 4.3 Dodging
 * Level 7.3 Unarmed Combat
 - Level 1.7 Spellcasting
 - Level 2.6 Translocations


You had 8 spell levels left.
You knew the following spells:

 Your Spells              Type           Power        Failure   Level  Hunger
a - Blink                 Tloc           N/A          14%         2    ###....

Your spell library contained the following spells:

 Spells                   Type           Power        Failure   Level  Hunger
 Shroud of Golubria       Chrm/Tloc      #.........   24%         2    ###....
 Magic Dart               Conj           #...         26%         1    ##.....
 Gell's Gravitas          Tloc           #.........   26%         3    ####...
 Lesser Beckoning         Tloc           #.........   26%         3    ####...
 Teleport Other           Tloc           #.......     26%         3    ####...
 Call Imp                 Summ           #.......     38%         2    ###....
 Slow                     Hex            #.......     38%         2    ###....
 Conjure Flame            Conj/Fire      #.......     58%         3    ####...
 Mephitic Cloud           Conj/Pois/Air  #.......     58%         3    ####...
 Passage of Golubria      Tloc           N/A          63%         4    #####..


Dungeon Overview and Level Annotations

Branches:
Dungeon (6/15)             Temple (1/1) D:5

Altars:
Dithmenos
Elyvilon
Fedhas
Gozag
Hepliaklqana
Makhleb
Nemelex Xobeh
Okawaru
Qazlal
Sif Muna
Trog
Uskayaw
Vehumet
Xom
Yredelemnul
Zin

Annotations:
D:5 2 transporters


Innate Abilities, Weirdness & Mutations

Your body is rotting away.
You thrive on raw meat.
You are immune to poison.
You have sharp fingernails.
You are carnivorous and can eat meat at any time.
Your flesh is cold resistant. (rC+)
You are immune to negative energy. (rN+++)
You do not regenerate when monsters are visible.
You are immune to unholy pain and torment.
You can survive without breathing.


Message History

The orc priest is severely wounded.
The orc priest barely misses you. The orc misses you.
The orc closely misses you.
The orc hits you from afar with a +0 trident!
* * * LOW HITPOINT WARNING * * *
Unknown command.
You claw the orc priest!
You kill the orc priest!
The orc hits you with a +0 dagger.
* * * LOW HITPOINT WARNING * * *
Unknown command.
You scratch the orc.
The orc is moderately wounded.
The orc barely misses you. The orc hits you but does no damage. x2
You closely miss the orc.
The orc is moderately wounded.
The orc hits you but does no damage. The orc hits you with a +0 flail.
* * * LOW HITPOINT WARNING * * *
The orc hits you with a +0 dagger.
You die...

..÷...#
#.##....
#o##### .#....
#.# ....
#.#### ##..###
.....# #.....#
# .P...#
##...#.##.####
.....#
#.....().o....
.....###
#..###o#......
.......####..#
#@# ...o.
.............#
#†oo...<.
.......#####.#
###......
...##### #.#
...... ...#
#.# ..... ...#
#.# ##### ...#
#.# #.## #..
#.# #########


You could see 3 orcs.

Vanquished Creatures
  A hornet zombie (D:6)
  A black bear (D:6)
  An ogre (D:6)
  A centaur (D:6)
  Blork the orc (D:5)
  A wyvern zombie (D:6)
  2 crimson imps
  A bullfrog zombie (D:6)
  2 hounds
  A jelly (D:4)
  3 orc priests
  A centaur skeleton (D:6)
  2 orc wizards (D:6)
  2 iguanas
  2 worker ants
  A hound zombie (D:6)
  A worker ant zombie (D:6)
  A howler monkey zombie (D:6)
  A howler monkey skeleton (D:6)
  9 adders
  A shadow imp (D:6)
  2 adder skeletons (D:6)
  An adder zombie (D:6)
  3 worms
  3 dart slugs
  3 leopard geckos
  17 orcs
  2 ball pythons (D:2)
  12 bats
  4 giant cockroaches
  3 goblins
  6 hobgoblins
  13 kobolds
  3 quokkas
  12 frilled lizards
  A giant cockroach zombie (D:6)
  A jackal skeleton (D:4)
  A leopard gecko skeleton (D:5)
  2 leopard gecko zombies (D:6)
  A quokka skeleton (D:4)
  9 rats
135 creatures vanquished.

Vanquished Creatures (others)
  2 withered plants (D:6)
2 creatures vanquished.

Grand Total: 137 creatures vanquished

Notes
Turn   | Place    | Note
-------+----------+-------------------------------------------
     0 | D:1      | LostNumber the Ghoul Warper began the quest for the Orb.
     0 | D:1      | Reached XP level 1. HP: 17/17 MP: 2/2
    59 | D:1      | Upgraded the game from 0.23-a0-448-g1c01f63178 to
                  | 0.23-a0-449-g8e4cbf7b70
    75 | D:1      | Reached XP level 2. HP: 17/25 MP: 3/3
   243 | D:1      | Reached skill level 3 in Unarmed Combat
   409 | D:1      | Reached XP level 3. HP: 26/30 MP: 4/4
   630 | D:2      | Found a radiant altar of Vehumet.
   902 | D:2      | Reached XP level 4. HP: 14/38 MP: 5/5
  1365 | D:2      | Reached skill level 4 in Unarmed Combat
  1719 | D:3      | Reached XP level 5. HP: 42/45 MP: 6/6
  1735 | D:3      | Found a hazy altar of Hepliaklqana.
  1736 | D:3      | Found a shimmering altar of Xom.
  1736 | D:3      | Noticed a death ooze
  1737 | D:3      | Noticed a spectral ugly thing
  1737 | D:3      | Noticed a death ooze
  1827 | D:3      | Found a shadowy altar of Dithmenos.
  1830 | D:3      | Reached skill level 1 in Armour
  1838 | D:3      | Found a hide-covered altar of Uskayaw.
  2092 | D:3      | Found a faded altar of an unknown god.
  2498 | D:4      | Reached XP level 6. HP: 49/51 MP: 7/7
  2748 | D:4      | Reached skill level 5 in Unarmed Combat
  2931 | D:5      | Entered Level 5 of the Dungeon
  2963 | D:5      | Found a transporter.
  3002 | D:5      | Found a transporter.
  3008 | D:5      | Found a sparkling altar of Nemelex Xobeh.
  3008 | D:5      | Found a glowing silver altar of Zin.
  3115 | D:5      | Found a staircase to the Ecumenical Temple.
  3126 | Temple   | Entered the Ecumenical Temple
  3272 | D:5      | Found an opulent altar of Gozag.
  3485 | D:5      | Noticed Blork the orc
  3497 | D:5      | Killed Blork the orc
  3497 | D:5      | Reached XP level 7. HP: 49/59 MP: 8/8
  3761 | D:6      | Upgraded the game from 0.23-a0-449-g8e4cbf7b70 to
                  | 0.23-a0-451-g1044d4cbad
  3887 | D:6      | Reached skill level 6 in Unarmed Combat
  4180 | D:6      | HP: 3/60 [hornet zombie (6)]
  4183 | D:6      | Reached XP level 8. HP: 4/67 MP: 9/9
  4500 | D:6      | Learned a level 2 spell: Blink
  4611 | D:6      | Reached skill level 5 in Fighting
  4811 | D:6      | Reached skill level 7 in Unarmed Combat
  5032 | D:6      | HP: 3/67 [orc/+0 dagger (1)]
  5034 | D:6      | HP: 1/67 [orc/+0 flail (2)]
  5034 | D:6      | Slain by an orc

Vault maps used:
D:1:      dpeg_arrival_radiant, chequers_serial_rivers_room_b, nrook_mini_vaults
D:2:      vehumet_crystals, first_ration, grunt_decor_fettered, st_stairs_6,
          minmay_domino_4
D:3:      regret_index_temple_of_mockery, eat_drink_and_be_merry_uskayaw,
          chequers_ecumenical_altar_grove, grunt_dithmenos_smoke
D:4:      eino_small_chamber_without_monster
D:5:      gammafunk_temple_overflow_arena, minmay_temple_entry_statues_pillars,
          basic_altar, bh_walls_and_bars, uniq_blork_the_orc
D:6:      serial_undead, serial_undead_d, serial_undead_b, serial_undead_e,
          serial_undead_c
Temple:   eino_temple_lava

Skill      XL: |  1  2  3  4  5  6  7  8 |
---------------+-------------------------+-----
Dodging        | 2 3 4 |  4.3
Unarmed Combat | 3 4 5 6 7 |  7.3
Fighting       | 3 4 5 |  5.3
Armour         | 1 2 3 |  3.4
Throwing       | |  0.8
Spellcasting   | |  1.7
Translocations | |  2.6

Action                   |  1- 3 |  4- 6 |  7- 9 || total
-------------------------+-------+-------+-------++-------
Melee: Unarmed           |   125 |   253 |   191 ||   569
       Punch             |     1 |     4 |     7 ||    12
  Use: Potion            |       |       |     1 ||     1
       Scroll            |       |       |     6 ||     6
  Eat: Chunk             |     6 |    12 |    20 ||    38
Armor: Ring mail         |    35 |    80 |    50 ||   165
Dodge: Dodged            |    71 |   140 |   105 ||   316

Table legend:
 A = Non-vault XP
 B = Vault XP
 C = Vault XP percentage of total XP
 D = Non-vault monster count
 E = Vault monster count
 F = Vault count percentage of total count
                 A         B        C        D         E       F
            +---------+---------+-------+---------+---------+-------
      Total |    1303 |     413 |  24.1 |     121 |      14 |  10.4
            +---------+---------+-------+---------+---------+-------
        D:1 |      37 |       0 |   0.0 |      20 |       0 |   0.0
        D:2 |     105 |       6 |   5.4 |      28 |       4 |  12.5
        D:3 |     133 |       0 |   0.0 |      33 |       0 |   0.0
        D:4 |     141 |       0 |   0.0 |       8 |       0 |   0.0
        D:5 |     153 |      94 |  38.1 |       9 |       1 |  10.0
        D:6 |     734 |     313 |  29.9 |      23 |       9 |  28.1
            +---------+---------+-------+---------+---------+-------
